 Dungeon Crawl Stone Soup version 0.28-a0-915-gcd63401287 (webtiles) character file.

Game seed: 13868211668729572688

101 kae the Ruffian (level 4, -4/36 HPs)
             Began as a Draconian Transmuter on Nov 25, 2021.
             Slain by a kobold (5 damage)
             ... in a sewer.
             The game lasted 00:01:06 (2455 turns).

kae the Ruffian (Draconian Transmuter)              Turns: 2455, Time: 00:01:06

Health: -4/36      AC:  6    Str: 14    XL:     4   Next: 48%
Magic:  2/7        EV: 12    Int: 13    God:
Gold:   109        SH:  0    Dex: 11    Spells: 3/7 levels left

rFire   . . .      SeeInvis .     - Unarmed
rCold   . . .      Faith    .   (no shield)
rNeg    . . .      Spirit   .   (armour unavailable)
rPois   .          Reflect  .   (helmet restricted)
rElec   .          Harm     .   b - +0 cloak
rCorr   .          Rampage  .   (no gloves)
Will    .....                   (no boots)
Stlth   +.........              (no amulet)
HPRegen 0.12/turn               (no ring)
MPRegen 0.10/turn               (no ring)

@: very slightly contaminated, invisible
A: AC +5, unfitting armour, cold-blooded
a: no special abilities


You were in a sewer.
You visited 1 branch of the dungeon, and saw 3 of its levels.
You also visited: Sewer.

You collected 109 gold pieces.

Inventory:

Armour
 b - a +0 cloak (worn)
Scrolls
 e - 2 scrolls of identify
Potions
 a - a potion of might


   Skills:
 + Level 1.8 Fighting
 + Level 2.2 Dodging
 * Level 3.7 Unarmed Combat
 + Level 2.3 Spellcasting
 * Level 3.0 Transmutations
 * Level 0.9 Poison Magic


You had 3 spell levels left.
You knew the following spells:

 Your Spells              Type           Power      Damage    Failure   Level
a - Beastly Appendage     Tmut           18%        N/A       7%          1
b - Spider Form           Tmut/Pois      6%         N/A       32%         3

Your spell library contained the following spells:

 Spells                   Type           Power      Damage    Failure   Level
 Wereblood                Tmut           9%         N/A       11%         2
 Ice Form                 Ice/Tmut       5%         N/A       78%         4


Dungeon Overview and Level Annotations

Branches:
Dungeon (3/15)              Sewer (1/1)

Altars:
Fedhas

Shops:
D:2 [


Innate Abilities, Weirdness & Mutations

Your plain brown scales are hard. (AC +5)
You cannot fit into any form of body armour.
You are cold-blooded and may be slowed by cold attacks.


Message History

[Y]es or [N]o only, please.
The spell is quite dangerous to cast (32% risk of failure)!
Continue anyway?
You miscast Spider Form.
You feel odd.
You are more poisoned.
You feel sick.
The kobold hits you with a +0 short sword.
* * * LOW HITPOINT WARNING * * *
You fade into invisibility!
You feel sick. The kobold hits you but does no damage.
There are monsters nearby!
You feel sick.
The kobold brigand throws a poisoned dart.
The poisoned dart hits the kobold.
The kobold is poisoned.
The kobold hits you with a +0 short sword.
* * * LOW HITPOINT WARNING * * *
The kobold throws a stone.
The stone hits the kobold.
The kobold closely misses you.
You feel sick.
The kobold brigand throws a poisoned dart.
The poisoned dart closely misses the kobold.
The kobold throws a stone.
The stone hits the kobold but does no damage.
You feel sick. The kobold hits you but does no damage.
The kobold throws a stone.
The stone barely misses the kobold.
You feel sick.
The kobold throws a poisoned dart.
The poisoned dart misses you.
The kobold throws a stone.
The stone hits you.
* * * LOW HITPOINT WARNING * * *
* * * LOW HITPOINT WARNING * * *
You feel sick.
The kobold throws a stone.
The stone hits the kobold.
* * * LOW HITPOINT WARNING * * *
You feel sick.
You are no longer poisoned.
The kobold dies!
Unknown command.
Unknown command.
Unknown command.
The kobold brigand throws a poisoned dart.
The poisoned dart closely misses the kobold.
The kobold hits you with a +0 short sword.
You die...

≈≈≈≈≈≈ ≈≈ ≈≈≈≈≈≈ ≈≈≈≈ ≈≈≈≈≈
≈≈≈
#####≈#≈#######≈##############
...P≈≈P≈≈P..≈≈P≈≈P≈≈.≈≈≈#....#
....≈≈≈≈≈...≈≈≈≈≈≈...)K≈'..∩.#
.....P.≈.......≈≈P...≈≈K'..[?#
.......................K#.!!.#
....P...........@K.....## ####
###....................#
##.................###
##............#####
####..####.### #### ###


You could see a kobold brigand and 3 kobolds.

Vanquished Creatures
  An iguana (D:3)
  3 adders (D:2)
  6 ball pythons
  6 endoplasms
  4 giant cockroaches
  2 goblins (D:2)
  8 hobgoblins
  2 quokkas (D:3)
  A bat (D:1)
  3 frilled lizards
  6 kobolds
  3 rats
45 creatures vanquished.

Vanquished Creatures (others)
  A kobold (Sewer)
  A plant (D:3)
2 creatures vanquished.

Grand Total: 47 creatures vanquished

Notes
Turn   | Place    | Note
-------+----------+-------------------------------------------
     0 | D:1      | kae the Draconian Transmuter began the quest for the Orb.
     0 | D:1      | Reached XP level 1. HP: 16/16 MP: 3/3
     9 | D:1      | Found a faded altar of an unknown god.
   268 | D:1      | Reached XP level 2. HP: 9/23 MP: 3/5
   959 | D:2      | Reached XP level 3. HP: 23/28 MP: 4/6
  1323 | D:2      | Learned a level 3 spell: Spider Form
  1382 | D:2      | Found a blossoming altar of Fedhas.
  1615 | D:2      | Found Goclafrypi's Antique Armour Shop.
  2150 | D:3      | Reached XP level 4. HP: 36/36 MP: 5/7
  2319 | D:3      | Found a glowing drain.
  2323 | Sewer    | Entered a sewer
  2444 | Sewer    | Noticed a kobold brigand
  2453 | Sewer    | HP: 1/36 [poisoned by miscasting Spider Form]
  2455 | Sewer    | Slain by a kobold

Illustrated notes

Levels and vault maps discovered:
D:1:      moated_graveyard_arrival, layout_rooms, serial_curves, eino_curves_02,
          eino_curves_02, ebering_ecumenical_altar_webs
D:2:      layout_loops_ring, basic_altar, serial_shops,
          nicolae_shop_behind_doors
D:3:      layout_loops_ring, gup_sewer_entry_bowl, minmay_misc_feat_cross,
          serial_bayou_lake_a
Sewer:    kennysheep_pipe_town

Skill      XL: |  1  2  3 |
---------------+----------+-----
Dodging        | 2 |  2.2
Transmutations | 3 |  3.0
Fighting       | |  1.8
Unarmed Combat | |  3.7
Spellcasting   | |  2.3
Poison Magic   | |  0.9

Action                   |  1- 3 |  4- 6 || total
-------------------------+-------+-------++-------
Melee: Unarmed           |   101 |    24 ||   125
       Tailslap          |    13 |     3 ||    16
       Kick              |     6 |     3 ||     9
       Headbutt          |     6 |       ||     6
 Cast: Beastly Appendage |    22 |     5 ||    27
       Spider Form       |       |     1 ||     1
  Use: Scroll            |     5 |       ||     5
       Potion            |       |     1 ||     1
 Stab: Sleeping          |     1 |       ||     1
Armor: Skin              |    31 |     7 ||    38
Dodge: Dodged            |    69 |    20 ||    89

Table legend: (Time is in decaauts)
 A = Elapsed time spent in this place.
 B = Non-inter-level travel time spent in this place.
 C = Inter-level travel time spent in this place.
 D = Time resting spent in this place.
 E = Time spent auto-exploring this place.
 F = Levels seen in this place.
 G = Mean time per level.
                   A        B        C        D        E       F      G
               +--------+--------+--------+--------+--------+-----+--------+
         Total |   2461 |   2377 |     84 |      0 |   2016 |   4 |  615.2 |
       Dungeon |   2322 |   2238 |     84 |      0 |   1928 |   3 |  774.0 |
         Sewer |    138 |    138 |      0 |      0 |     88 |   1 |  138.0 |
               +--------+--------+--------+--------+--------+-----+--------+

Top non-repeatable levels by time:
     D:2: 1146 daAuts
     D:1: 923 daAuts
     D:3: 252 daAuts
   Sewer: 138 daAuts
